 Dungeon Crawl Stone Soup version 0.25.1-2-g60ff931df9 (webtiles) character file.

Game seed: 7171450325778653070

2037 DerDa the Thaumaturge (level 9, -5/57 HPs)
             Began as a Mummy Fire Elementalist on Oct 1, 2020.
             Killed by divine providence
             ... invoked by an orc priest
              (14 damage)
             ... on level 6 of the Dungeon.
             The game lasted 00:17:41 (6836 turns).

DerDa the Thaumaturge (Mummy Fire Elementalist)     Turns: 6836, Time: 00:17:42

Health: -5/57      AC:  6    Str: 17    XL:     9   Next: 4%
Magic:  21/21      EV: 12    Int: 18    God:
Gold:   89         SH:  0    Dex: 18    Spells: 14/24 levels left

rFire    x . .     SeeInvis .   a - +0 whip (elec)
rCold    + . .     Gourm    .   (no shield)
rNeg     + + +     Faith    .   n - +1 leather armour {rPois}
rPois    ∞         Spirit   .   f - +0 helmet
rElec    .         Reflect  .   l - scarf {repulsion}
rCorr    .         Harm     .   c - +0 pair of gloves
MR       +....                  (no boots)
Stlth    ++........             (no amulet)
HPRegen  0.19/turn              q - +6 ring of dexterity
MPRegen  0.17/turn              g - +6 ring of strength

@: repel missiles
A: no food or potions, fire vulnerability, cold resistance 1, negative energy
resistance 3, torment resistance, unbreathing
a: no special abilities


You were on level 6 of the Dungeon.
You were not hungry.

You visited 1 branch of the dungeon, and saw 6 of its levels.

You collected 239 gold pieces.
You spent 150 gold pieces at shops.

Inventory:

Hand Weapons
 a - a +0 whip of electrocution (weapon)
Missiles
 j - 125 stones (quivered)
Armour
 c - a +0 pair of gloves (worn)
 f - a +0 helmet (worn)
 l - a scarf of repulsion (worn)
 m - a +1 robe
 n - a +1 leather armour of poison resistance (worn)
Magical Staves
 b - an uncursed staff of fire
Jewellery
 g - a +6 ring of strength (right hand)
 q - a +6 ring of dexterity (left hand)
Wands
 i - a wand of clouds (2)
 p - a wand of acid (6)
Scrolls
 d - 2 scrolls of identify
 e - a scroll of amnesia {unknown}
 h - 2 scrolls of immolation
 k - 4 scrolls of teleportation
 o - 2 scrolls of blinking


   Skills:
 - Level 1.5 Dodging
 - Level 1.5 Stealth
 * Level 8.2 Spellcasting
 * Level 5.3 Conjurations
 * Level 5.9 Fire Magic
 + Level 2.9 Evocations


You had 14 spell levels left.
You knew the following spells:

 Your Spells              Type           Power        Failure   Level  Hunger
a - Foxfire               Conj/Fire      ####         1%          1    N/A
b - Sticky Flame          Conj/Fire      ####....     12%         4    N/A
c - Fireball              Conj/Fire      ####......   32%         5    N/A

Your spell library contained the following spells:

 Spells                   Type           Power        Failure   Level  Hunger
 Conjure Flame            Conj/Fire      ####....     3%          3    N/A
 Inner Flame              Hex/Fire       ###.....     11%         3    N/A

Dungeon Overview and Level Annotations

Branches:
Dungeon (6/15)
 Temple: D:4-7

Altars:
Dithmenos
Hepliaklqana
Nemelex Xobeh
Trog

Shops:
D:5 [


Innate Abilities, Weirdness & Mutations

You do not eat or drink.
Your flesh is vulnerable to fire.
You are immune to poison.
Your flesh is cold resistant. (rC+)
You are immune to negative energy. (rN+++)
You are immune to unholy pain and torment.
You can survive without breathing.


Message History

The orc priest shouts! x2
An orc priest comes into view. It is wielding a +4 hand axe.
An orc warrior comes into view. It is wielding a +0 war axe.
An orc comes into view. It is wielding a +0 whip.
The orc priest calls down the wrath of Beogh upon you.
Beogh smites you!
The orc warrior shouts!
The orc priest mumbles some strange prayers to Beogh against you.
Beogh smites you!
The orc priest looks encouraged for a moment.
The orc priest calls down the wrath of Beogh upon you.
Beogh smites you!
You hear a shout!
The orc priest looks encouraged for a moment.
The orc priest mumbles some strange prayers to Beogh against you.
Beogh smites you!
* * * LOW HITPOINT WARNING * * *
The orc priest mumbles some strange prayers to Beogh against you.
Beogh smites you!
You die...

#.# #.#
#o# #.#
##########
#.#
#......).#
#.#
#.######)#
#.# #.#
#.# ## #.#
#.# #.# #.
#@# #.#
#.# #. #.#
#.# #.# #.
#.###.#
#.####.
#.....#
#......
#.#####
######.
### ##


You could see an orc priest.

Vanquished Creatures
  Pikel (D:4)
  Sigmund (D:2)
  An ice beast (D:5)
  2 sky beasts (D:5)
  A phantom (D:4)
  2 slaves (D:4)
  3 ogres
  A centaur (D:5)
  A howler monkey (D:4)
  A crimson imp (D:5)
  2 hounds
  A centaur skeleton (D:4)
  An iguana (D:5)
  Natasha (D:4)
  5 orc wizards
  6 worker ants
  A hound skeleton (D:5)
  Robin (D:2)
  5 adders
  A howler monkey skeleton (D:4)
  A shadow imp (D:6)
  2 oozes
  2 adder zombies (D:5)
  An adder skeleton (D:5)
  4 worms
  2 dart slugs
  5 leopard geckos
  6 orcs
  A ball python (D:1)
  2 giant cockroaches
  11 goblins
  10 hobgoblins
  14 jackals
  4 quokkas
  8 bats
  9 frilled lizards
  9 kobolds
  2 leopard gecko skeletons
  A quokka skeleton (D:4)
  15 rats
  A bush (D:1)
148 creatures vanquished.

Vanquished Creatures (others)
  A bullfrog (D:4)
  Natasha (twice) (D:4)
  594 foxfires
597 creatures vanquished.

Grand Total: 745 creatures vanquished

Notes
Turn   | Place    | Note
-------+----------+-------------------------------------------
     0 | D:1      | DerDa the Mummy Fire Elementalist began the quest for the
                  | Orb.
     0 | D:1      | Reached XP level 1. HP: 13/13 MP: 4/4
   149 | D:1      | Reached skill level 1 in Conjurations
   232 | D:1      | Reached skill level 3 in Spellcasting
   232 | D:1      | Reached XP level 2. HP: 19/19 MP: 0/6
   894 | D:1      | Reached XP level 3. HP: 23/24 MP: 3/7
  1314 | D:2      | Noticed Robin
  1400 | D:2      | Killed Robin
  1811 | D:2      | Reached XP level 4. HP: 30/30 MP: 4/9
  1916 | D:2      | Noticed Sigmund
  2255 | D:2      | Killed Sigmund
  2255 | D:2      | Reached skill level 4 in Spellcasting
  2255 | D:2      | Reached XP level 5. HP: 25/35 MP: 2/12
  2750 | D:2      | Found a sparkling altar of Nemelex Xobeh.
  2849 | D:3      | Reached XP level 6. HP: 41/41 MP: 8/13
  2855 | D:3      | Learned a level 4 spell: Sticky Flame
  2861 | D:3      | Learned a level 5 spell: Fireball
  3011 | D:3      | Reached skill level 5 in Spellcasting
  4077 | D:4      | Reached skill level 1 in Evocations
  4077 | D:4      | Reached XP level 7. HP: 46/46 MP: 9/15
  4274 | D:4      | Reached skill level 6 in Spellcasting
  4489 | D:4      | Noticed a moth of wrath
  4492 | D:4      | Found a bloodstained altar of Trog.
  4812 | D:4      | Noticed Pikel
  4865 | D:4      | Noticed Natasha
  4873 | D:4      | Killed Pikel
  4873 | D:4      | Reached skill level 7 in Spellcasting
  4873 | D:4      | Reached skill level 5 in Fire Magic
  4873 | D:4      | Reached XP level 8. HP: 13/52 MP: 1/18
  5110 | D:4      | Killed Natasha
  5439 | D:4      | Killed Natasha
  5468 | D:4      | Killed Natasha
  5483 | D:5      | Entered Level 5 of the Dungeon
  5854 | D:5      | Reached skill level 5 in Conjurations
  6031 | D:5      | Found a shadowy altar of Dithmenos.
  6067 | D:5      | Reached skill level 8 in Spellcasting
  6069 | D:5      | Found a hazy altar of Hepliaklqana.
  6334 | D:5      | Found Facin's Antique Armour Shoppe.
  6337 | D:5      | Bought a dyed leather armour for 150 gold pieces
  6558 | D:6      | Reached XP level 9. HP: 57/57 MP: 16/21
  6836 | D:6      | Killed from afar by an orc priest

Illustrated notes

Levels and vault maps discovered:
D:1:      dpeg_arrival_simpleton_b, layout_loops_ring, minmay_hedge_maze,
          kennysheep_pointless_box
D:2:      layout_basic, nemelex_altar_shiori, uniq_robin, uniq_sigmund
D:3:      layout_basic
D:4:      layout_loops_ring, tgw_trog, uniq_pikel, uniq_natasha
D:5:      layout_rooms, riverfiend_overflow_shadow_ancestor,
          minmay_temple_entry_from_below_a, first_ration, serial_shops,
          nicolae_shop_window_shopping, feat_on_display
D:6:      layout_basic, elyvilon_altar_5

Skill      XL: |  1  2  3  4  5  6  7  8 |
---------------+-------------------------+-----
Conjurations   | 1 2 3 4 5 |  5.3
Spellcasting   | 3 4 5 7 8 |  8.2
Fire Magic     | 3 4 5 |  5.9
Evocations     | 1 2 |  2.9
Dodging        | |  1.5
Stealth        | |  1.5

Action                   |  1- 3 |  4- 6 |  7- 9 || total
-------------------------+-------+-------+-------++-------
Melee: Unarmed           |     1 |       |       ||     1
       Short sword       |   102 |    11 |    15 ||   128
       Whip              |       |       |    14 ||    14
Throw: Stone             |       |       |     1 ||     1
 Cast: Foxfire           |    77 |   105 |   193 ||   375
       Sticky Flame      |       |       |     5 ||     5
Evoke: Wand              |       |       |     1 ||     1
  Use: Scroll            |       |       |     5 ||     5
 Stab: Sleeping          |     1 |       |       ||     1
Armor: Robe              |     8 |     7 |    13 ||    28
       Leather armour    |       |       |     3 ||     3
Dodge: Dodged            |    25 |    24 |    52 ||   101
       Repelled          |       |       |     2 ||     2
